Map: Abyssal Reef LE

Players

Namshar - Winner!

  • Race: Zerg Zerg
  • League: Grandmaster
  • Spawn Location: 11:00

Railgan

  • Race: Zerg Zerg
  • League: Grandmaster
  • Spawn Location: 5:00

VOD

Have the link to the VOD?

Description

Time

  • Played on: March 13, 2017, 7:04 p.m.
  • Length: 13:24
Show
View Real Time Build Order
Export as new Build Order

Namshar Zerg - Winner!

Build Orders: Pool First 

Get SALT Encoding   

  12  0:00  Drone  
  13  0:14  Overlord  
  13  0:18  Drone  
  14  0:32  Drone x2  
  16  0:36  Drone  
  17  0:43  Extractor  
  17  0:47  Spawning Pool  
  15  0:51  Drone  
  16  0:57  Drone  
  17  1:08  Drone  
  18  1:22  Hatchery  
  18  1:25  Drone  
  18  1:36  Queen  
  20  1:43  Metabolic Boost  
  20  1:48  Zergling x2  
  21  1:54  Overlord  
  21  2:04  Drone  
  22  2:15  Baneling Nest, Queen  
  24  2:17  Zergling x2  
  24  2:20  Zergling x2  
  25  2:26  Zergling x2  
  26  2:36  Zergling x2  
  27  2:38  Drone  
  28  2:44  Drone  
  28  2:45  Drone x3  
  32  2:55  Overlord  
  32  3:00  Drone  
  33  3:05  Baneling  
  33  3:09  Drone x2  
  34  3:17  Drone x2  
  34  3:29  Zergling x4  
  34  3:30  Drone  
  34  3:31  Drone x3  
  40  3:36  Hatchery  
  40  3:38  Baneling  
  40  3:40  Zergling x2  
  38  3:50  Overlord  
  38  3:51  Zergling x4  
  38  3:54  Evolution Chamber  
  39  4:01  Zergling x2  
  40  4:03  Drone, Overlord  
  40  4:04  Drone x2  
  43  4:15  Overlord  
  43  4:16  Drone  
  46  4:17  Drone x2  
  46  4:20  Roach Warren  
  46  4:21  Zerg Missile Weapons Level 1  
  45  4:29  Drone x2  
  47  4:36  Extractor, Drone  
  47  4:37  Extractor  
  46  4:39  Drone x3  
  46  4:40  Drone x2  
  46  4:44  Queen  
  53  4:47  Overlord  
  53  4:51  Lair  
  50  5:12  Drone x6  
  50  5:13  Drone x2  
  58  5:17  Overlord  
  58  5:19  Roach x4  
  66  5:25  Roach x3  
  70  5:33  Overlord  
  69  5:48  Overseer  
  69  5:49  Glial Reconstitution  
  69  5:50  Roach x7  
  69  5:55  Drone  
  69  5:56  Extractor  
  83  5:58  Drone x3  
  83  5:59  Overlord  
  83  6:03  Overlord  
  90  6:04  Roach x2  
  90  6:07  Ravager  
  91  6:13  Overlord x2  
  91  6:14  Roach x3  
  97  6:19  Roach  
  97  6:20  Overlord  
  97  6:22  Roach  
  101  6:28  Overlord  
  101  6:29  Overlord  
  101  6:32  Drone  
  102  6:33  Drone x2  
  102  6:35  Zerg Missile Weapons Level 2  
  102  6:37  Overlord  
  104  6:40  Queen  
  104  6:45  Roach x2  
  108  6:49  Roach  
  108  6:50  Roach  
  112  6:56  Roach x4  
  112  7:01  Overlord  
  120  7:02  Roach  
  120  7:03  Roach  
  126  7:08  Roach x3  
  126  7:14  Roach x3  
  136  7:19  Roach  
  136  7:20  Roach  
  136  7:21  Roach  
  136  7:22  Overlord  
  142  7:27  Drone  
  142  7:28  Drone x3  
  146  7:30  Drone  
  146  7:31  Extractor, Drone  
  146  7:32  Extractor  
  146  7:35  Ravager x2  
  146  7:36  Drone  
  150  7:37  Drone  
  151  7:44  Ravager, Overlord  
  151  7:45  Drone, Overlord  
  151  7:46  Drone x2  
  142  7:59  Hatchery, Roach x2  
  142  8:00  Roach x2  
  142  8:03  Ravager  
  141  8:05  Ravager  
  141  8:11  Roach  
  141  8:12  Roach x2  
  143  8:18  Roach x3  
  143  8:19  Overlord x2  
  141  8:22  Drone x2  
  141  8:24  Drone  
  140  8:29  Roach x5  
  140  8:40  Roach x5  
  140  8:41  Roach  
  140  8:53  Zerg Ground Armor Level 1  
  140  8:56  Roach x4  
  140  9:02  Roach x4  
  154  9:07  Roach x3  
  160  9:10  Roach x2  
  160  9:15  Roach x2  
  160  9:16  Roach  
  168  9:20  Roach  
  168  9:21  Roach x3  
  176  9:25  Roach x3  
  182  9:32  Roach x4  
  182  9:35  Roach  
  182  9:36  Roach  
  190  9:46  Roach x5  
  184  10:11  Roach x5  
  184  10:12  Roach x6  
  184  10:31  Roach x8  
  183  10:46  Roach x7  
  183  10:47  Roach x2  
  195  10:54  Tunneling Claws  
  195  10:55  Drone, Burrow  
  192  10:57  Extractor x2, Spire  
  192  11:01  Roach x2  
  192  11:02  Roach x2  
  177  11:07  Roach x3  
  149  11:18  Roach x4  
  149  11:25  Roach x9  
  165  11:30  Drone  
  166  11:33  Roach  
  166  11:34  Hatchery, Roach x2  
  167  11:43  Roach x5  
  167  11:47  Roach  
  177  11:52  Roach  
  177  11:53  Roach  
  173  12:00  Overseer  
  175  12:01  Roach x5  
  175  12:02  Roach x3, Pneumatized Carapace  
  175  12:05  Roach  
  175  12:06  Roach  
  187  12:10  Roach x24  
  187  12:11  Roach  
  191  12:19  Roach x2  
  191  12:21  Roach x3  
  191  12:27  Roach x3  
  191  12:28  Roach  
  187  12:30  Roach x2  
  187  12:33  Roach x9  
  197  12:42  Roach  
  197  12:43  Roach x6  
  195  12:53  Mutalisk  
  195  12:54  Mutalisk x2  
Show
View Real Time Build Order
Export as new Build Order

Railgan Zerg 

Build Orders: Pool First 

Get SALT Encoding   

  12  0:01  Drone  
  13  0:12  Overlord  
  13  0:17  Drone  
  14  0:31  Drone x2  
  16  0:36  Drone  
  17  0:46  Spawning Pool  
  17  0:49  Drone  
  17  1:03  Drone  
  18  1:12  Hatchery  
  18  1:17  Extractor  
  16  1:20  Drone x2  
  18  1:28  Drone  
  19  1:37  Queen  
  19  1:39  Zergling x2  
  22  2:06  Overlord  
  22  2:11  Extractor, Drone  
  23  2:22  Metabolic Boost  
  23  2:23  Queen  
  23  2:24  Drone, Queen  
  23  2:25  Drone  
  23  2:27  Drone  
  30  2:38  Zergling x2  
  30  2:39  Drone  
  31  2:46  Overlord  
  31  2:47  Zergling x6  
  31  2:48  Drone  
  35  3:03  Drone  
  36  3:08  Roach Warren  
  33  3:15  Drone  
  33  3:17  Drone  
  33  3:18  Drone  
  36  3:33  Evolution Chamber, Queen  
  37  3:38  Lair  
  35  3:44  Drone x2  
  35  3:45  Drone x2  
  40  3:48  Drone x2  
  40  3:50  Roach  
  40  3:52  Overlord  
  43  4:05  Zerg Missile Weapons Level 1  
  43  4:09  Drone  
  44  4:11  Drone  
  44  4:16  Drone x2  
  47  4:20  Drone  
  47  4:21  Drone x4  
  47  4:22  Extractor  
  47  4:23  Extractor  
  50  4:27  Roach  
  50  4:28  Overlord  
  52  4:36  Overlord  
  52  4:38  Glial Reconstitution  
  52  4:43  Overlord  
  52  4:48  Drone x3  
  52  4:49  Drone  
  55  5:03  Hatchery  
  55  5:04  Roach  
  55  5:06  Roach  
  53  5:11  Roach x3  
  59  5:14  Drone  
  59  5:17  Overlord  
  60  5:26  Hatchery  
  57  5:29  Roach x4  
  57  5:34  Roach  
  67  5:39  Roach  
  67  5:40  Roach x2  
  67  5:41  Roach  
  75  5:48  Overlord  
  75  5:49  Overlord  
  75  6:01  Zerg Missile Weapons Level 2  
  75  6:06  Drone  
  75  6:08  Drone  
  75  6:09  Drone x6  
  83  6:18  Drone  
  83  6:22  Drone x3  
  83  6:24  Extractor  
  86  6:31  Drone x3  
  87  6:35  Drone x2  
  89  6:50  Roach  
  89  6:51  Overlord x2, Roach x3  
  89  6:52  Overlord  
  97  6:55  Overlord  
  97  7:04  Overlord  
  97  7:07  Overlord  
  97  7:08  Overlord  
  97  7:10  Roach x3  
  97  7:11  Ravager x6  
  97  7:12  Roach  
  111  7:18  Roach  
  111  7:19  Roach x3  
  111  7:21  Roach x2  
  123  7:27  Overlord  
  123  7:30  Roach x6  
  123  7:35  Roach  
  123  7:36  Roach  
  139  7:43  Roach  
  139  7:44  Roach  
  139  7:47  Roach  
  123  8:00  Roach x9  
  123  8:02  Roach  
  133  8:08  Extractor x2  
  133  8:11  Roach  
  129  8:19  Ravager  
  120  8:20  Roach  
  120  8:21  Overlord, Roach x3  
  124  8:29  Roach x4  
  124  8:31  Overlord  
  122  8:38  Roach x3  
  124  8:44  Drone x3  
  124  8:45  Drone  
  128  8:52  Roach x5  
  138  8:58  Hatchery  
  131  9:03  Roach x5  
  131  9:04  Roach  
  131  9:08  Roach  
  143  9:21  Roach x2  
  143  9:24  Ravager x4, Overlord  
  151  9:26  Roach  
  147  9:35  Roach  
  147  9:36  Roach x2  
  147  9:37  Roach x4  
  159  9:41  Roach x4  
  159  9:42  Roach  
  165  9:55  Roach  
  165  9:56  Roach x8  
  165  9:58  Ravager  
  184  10:05  Roach  
  169  10:09  Roach  
  169  10:10  Roach x3  
  169  10:11  Roach  
  171  10:15  Roach  
  171  10:18  Roach x2  
  167  10:22  Roach  
  153  10:37  Roach  
  153  10:38  Roach x6  
  157  10:46  Roach  
  157  10:47  Roach x5  
  161  10:53  Ravager  
  161  10:54  Roach  
  161  10:55  Roach  
  161  10:56  Roach  
  163  11:05  Roach  
  153  11:14  Roach x2  
  153  11:15  Roach x4  
  132  11:19  Roach  
  132  11:20  Roach x7  
  132  11:24  Roach  
  144  11:26  Ravager  
  144  11:28  Roach x3  
  149  11:35  Ravager  
  146  11:43  Roach x3  
  146  11:44  Roach  
  145  11:55  Roach x7  
  145  12:00  Roach x5  
  165  12:12  Roach  
  165  12:14  Ravager  
  165  12:15  Ravager x6  
  172  12:16  Roach x2  
  172  12:18  Roach  
  178  12:24  Roach  
  178  12:25  Overlord  
  178  12:26  Overseer x2  
  178  12:28  Roach  
  182  12:34  Roach x3  
  182  12:35  Roach  
  184  12:37  Ravager  
  167  12:58  Roach  
  167  12:59  Hatchery, Roach x4  
Tags
 
Add a new tag
Caveats
  • Supply blocks, unpowered buildings, or Contaminate may cause inaccurate times.
  • Supply counts are checked every 10 seconds.